 Dungeon Crawl Stone Soup version 0.20.1-1-g8b1a95d (webtiles) character file.

165 Peloso the Covered (level 5, 41/41 HPs)
             Began as a Demonspawn Fighter on Sept 3, 2017.
             Quit the game on level 3 of the Dungeon.
             The game lasted 00:05:41 (1672 turns).

Peloso the Covered (Demonspawn Fighter)             Turns: 1672, Time: 00:05:42

Health: 41/41      AC:  8    Str: 17    XL:     5   Next: 21%
Magic:  5/5        EV:  7    Int:  9    God:
Gold:   154        SH:  9    Dex: 13    Spells: 4/4 levels left

rFire    . . .     SeeInvis .   a - +0 long sword
rCold    + . .     Gourm    .   c - +0 shield (curse)
rNeg     . . .     Faith    .   b - +0 scale mail
rPois    .         Spirit   .   r - +0 helmet
rElec    .         Reflect  .   (no cloak)
rCorr    .         Harm     .   (no gloves)
MR       .....                  (no boots)
Stlth    ..........             (no amulet)
Regen    0.2/turn               (no ring)
MPRegen  0.1/turn               (no ring)

@: no status effects
A: claws 2, cold resistance 1
a: no special abilities


You were on level 3 of the Dungeon.
You were not hungry.

You visited 1 branch of the dungeon, and saw 3 of its levels.

You collected 154 gold pieces.

Inventory:

Hand Weapons
 a - a +0 long sword (weapon)
Armour
 b - a +0 scale mail (worn)
 c - a cursed +0 shield (worn)
 r - a +0 helmet (worn)
Jewellery
 p - an uncursed amulet of rage
 x - a +1 ring of protection {unknown}
Wands
 v - a wand of enslavement (17/24)
Scrolls
 e - 4 scrolls of identify {unknown}
 g - a scroll of teleportation {unknown}
 i - 2 scrolls of immolation {unknown}
 k - a scroll of recharging {unknown}
 m - 2 scrolls of remove curse {unknown}
 n - a scroll of random uselessness {unknown}
 o - 2 scrolls of fear {unknown}
 q - a scroll of blinking {unknown}
 y - a scroll of amnesia {unknown}
Potions
 d - a potion of might
 h - a potion of mutation {unknown}
 l - a potion of flight
 s - 2 potions of lignification {unknown}
 t - a potion of ambrosia
 z - 2 potions of invisibility {unknown}
 A - a potion of berserk rage {unknown}
Comestibles
 f - a bread ration
 j - 3 fruits
 u - 2 meat rations


   Skills:
 + Level 3.4 Fighting
 + Level 3.1 Long Blades
 + Level 3.6 Armour
 + Level 0.6 Dodging
 + Level 3.3 Shields


You had 4 spell levels left.
You didn't know any spells.

Dungeon Overview and Level Annotations

Branches:
Dungeon (3/15)

Altars:
Cheibriados
Nemelex Xobeh
Okawaru
Ru


Innate Abilities, Weirdness & Mutations

You have very sharp fingernails.
Your flesh is cold resistant. (rC+)


Message History

The adder is heavily wounded.
The adder bites you. The adder bites you but does no damage.
You miss the adder.
The adder is heavily wounded.
The adder barely misses you.
You closely miss the adder.
The adder is heavily wounded.
The adder barely misses you.
You riposte.
You closely miss the adder.
The adder is heavily wounded.
You block the adder's attack.
You closely miss the adder.
The adder is heavily wounded.
You block the adder's attack. x2
You slash the adder!
You kill the adder!
A - a glowing cyan potion
e - 4 scrolls labeled XUUFEKE SOOZE (gained 1) All of the chunks of flesh in your inventory have rotted away.
Found an escape hatch in the ceiling.
Are you sure you want to abandon this character and quit the game? (Confirm with "yes".)

#.##### ##.#.....# #.#...#
#.#.....# #.#...# #.#.....#
......# #.#.....# ......#
#.#.....# ..)...#
############.#.....# #.#...#
<.......##.........#
#.#...#..........##.#.......#
#.#...#.........@##.#.......#
#.##### ............#...#####
#.# ........#........#
#.########....##.#........#
#..........##.##.#........#
#...........#....##########
#.........)..<.###
...........###.#
...............#


There were no monsters in sight!

Vanquished Creatures
  A bullfrog (D:3)
  3 adders
  An ooze (D:2)
  2 dart slugs
  3 leopard geckos
  2 orcs (D:3)
  A giant cockroach (D:1)
  10 goblins
  5 hobgoblins
  11 jackals (D:1)
  A quokka (D:2)
  3 ball pythons
  2 bats
  3 frilled lizards
  4 kobolds
  3 rats
55 creatures vanquished.

Notes
Turn   | Place    | Note
-------+----------+-------------------------------------------
     0 | D:1      | Peloso the Demonspawn Fighter began the quest for the Orb.
     0 | D:1      | Reached XP level 1. HP: 18/18 MP: 1/1
    83 | D:1      | Gained mutation: Your flesh is cold resistant. (rC+) [demonic ancestry]
    83 | D:1      | Reached XP level 2. HP: 16/24 MP: 2/2
   306 | D:1      | Gained mutation: You have sharp fingernails. [demonic ancestry]
   306 | D:1      | Reached XP level 3. HP: 27/29 MP: 3/3
   790 | D:2      | Found a sparkling altar of Nemelex Xobeh.
   926 | D:2      | Found a snail-covered altar of Cheibriados.
  1083 | D:2      | HP: 1/29 [poisoned by an adder]
  1102 | D:2      | Reached XP level 4. HP: 25/35 MP: 4/4
  1326 | D:2      | Found a sacrificial altar of Ru.
  1329 | D:2      | Found an iron altar of Okawaru.
  1544 | D:3      | Noticed a bullfrog
  1553 | D:3      | Killed a bullfrog
  1553 | D:3      | Gained mutation: You have very sharp fingernails. [demonic ancestry]
  1553 | D:3      | Reached XP level 5. HP: 40/41 MP: 5/5
  1672 | D:3      | Quit the game

Skill      XL: |  1  2  3  4 |
---------------+-------------+-----
Armour         | 3 |  3.6
Long Blades    | 2 3 |  3.1
Shields        | 3 |  3.3
Fighting       | |  3.4
Dodging        | |  0.6

Action                   |  1- 3 |  4- 6 || total
-------------------------+-------+-------++-------
Melee: Long sword        |   161 |    40 ||   201
  Use: Potion            |     2 |       ||     2
  Eat: Chunk             |     1 |     2 ||     3
Armor: Scale mail        |   101 |     9 ||   110
Dodge: Dodged            |    67 |    13 ||    80
Block: Shield            |   108 |    23 ||   131
       Rpst.: Long sword |    21 |     6 ||    27
